 Dungeon Crawl Stone Soup version 0.28.0-53-g5a82cb258f (webtiles) character file.

Game seed: 1082254163430900883

47 raph the Chopper (level 3, -1/33 HPs)
             Began as a Hill Orc Cinder Acolyte on June 20, 2022.
             Was a High Priest of Ignis.
             Killed from afar by Ijyb (9 damage)
             ... with an iceblast
             ... on level 3 of the Dungeon.
             The game lasted 00:02:41 (3208 turns).

raph the Chopper (Hill Orc Cinder Acolyte)          Turns: 3208, Time: 00:02:41

Health: -1/33      AC:  5    Str: 16    XL:     3   Next: 70%
Magic:  5/5        EV: 11    Int: 14    God:    Ignis [*****.]
Gold:   27         SH:  0    Dex:  8    Spells: 2/4 levels left

rFire   + . .      SeeInvis .   a - -1 hand axe (flame)
rCold   . . .      Faith    .   (no shield)
rNeg    . . .      Spirit   .   i - +0 leather armour
rPois   .          Reflect  .   (no helmet)
rElec   .          Harm     .   j - +0 cloak
rCorr   .          Rampage  .   c - +0 pair of gloves
Will    .....                   (no boots)
Stlth   +.........              (no amulet)
HPRegen 0.11/turn               (no ring)
MPRegen 0.09/turn               (no ring)

@: no status effects
A: no striking features
a: Renounce Religion, Fiery Armour, Foxfire Swarm, Rising Flame


You were on level 3 of the Dungeon.
You worshipped Ignis.
Ignis was extremely pleased with you.
You visited 1 branch of the dungeon, and saw 3 of its levels.

You collected 27 gold pieces.

Inventory:

Hand Weapons
 a - a -1 hand axe of flaming (weapon)
Missiles
 b - 2 curare-tipped darts (quivered)
Armour
 c - a +0 pair of gloves (worn)
 i - a +0 leather armour (worn)
 j - a +0 cloak (worn)
Scrolls
 d - a scroll of blinking {unknown}
 e - a scroll of summoning {unknown}
 g - 2 scrolls of identify
Potions
 f - 2 potions of curing
 h - a potion of haste {unknown}


   Skills:
 + Level 4.1 Fighting
 * Level 4.9 Axes
 + Level 1.4 Spellcasting
 + Level 3.6 Fire Magic


You had 2 spell levels left.
You knew the following spells:

 Your Spells              Type           Power      Damage    Failure   Level
a - Scorch                Fire           22%        2d6       11%         2

Your spell library contained the following spells:

 Spells                   Type           Power      Damage    Failure   Level
 Call Canine Familiar     Summ           0%         N/A       67%         3
 Gell's Gravitas          Tloc           0%         N/A       67%         3
 Lesser Beckoning         Tloc           0%         N/A       67%         3
 Portal Projectile        Hex/Tloc       0%         N/A       67%         3
 Teleport Other           Tloc           0%         N/A       67%         3
 Leda's Liquefaction      Hex/Erth       0%         N/A       97%         4
 Iskenderun's Battlesphe  Conj           0%         2d6       100%        5
 Iron Shot                Conj/Erth      0%         9d1       100%        6
 Spellforged Servitor     Conj/Summ      0%         N/A       100%        7


Dungeon Overview and Level Annotations

Branches:
Dungeon (3/15)

Altars:

Annotations:
D:3 Ijyb


Message History

The jackal is severely wounded.
The foxfire hits the jackal.
You kill the jackal!
You start resting.
Your foxfire dissipates! x4
You start resting.
HP restored.
Found a stone staircase leading down.
There is a stone staircase leading down here.
Ijyb the Twisted Goblin comes into view.
She is wielding a +0 dagger, wearing a +3 chain mail of willpower and carrying a wand of iceblast (6).
Ijyb shouts!
Ijyb zaps a wand.
The mass of ice explodes!
The iceblast engulfs you.
Casting: Scorch (safe; 11% risk of failure)
Confirm with . or Enter, or press ? or * to list all spells.
You don't know that spell.
Ijyb zaps a wand.
The mass of ice explodes!
The iceblast engulfs you!
Activating: Foxfire Swarm
Press: ? - help, Dir - look around, f - activate Flames leap up around you!
The foxfire hits Ijyb but does no damage.
The foxfire hits Ijyb.
Ijyb is lightly wounded.
The foxfire hits Ijyb but does no damage.
Ijyb is lightly wounded.
The foxfire hits Ijyb but does no damage.
Ijyb is lightly wounded.
The foxfire hits Ijyb but does no damage.
Ijyb is lightly wounded.
The foxfire hits Ijyb but does no damage.
Ijyb is lightly wounded.
The foxfire hits Ijyb but does no damage.
Ijyb is lightly wounded.
The foxfire hits Ijyb but does no damage.
Ijyb is lightly wounded.
The foxfire hits Ijyb but does no damage.
Ijyb is lightly wounded.
Ijyb zaps a wand.
The mass of ice explodes!
The iceblast engulfs you.
* * * LOW HITPOINT WARNING * * *
Ijyb zaps a wand.
The mass of ice explodes!
The iceblast engulfs you!
You die...

##########
.....g.ยงยง###.#
.......@.....#
########.###.#.#
#.# #.#.# #.#
#.#.#.# #.#
#.#.#.#
#######.###.#.#.#
.........>....#.#
#######.###...#.#
#.###...#.#


You could see Ijyb.

Vanquished Creatures
  A dart slug (D:2)
  An orc (D:3)
  4 endoplasms (D:1)
  4 giant cockroaches
  5 goblins
  2 hobgoblins (D:1)
  3 jackals (D:3)
  A quokka (D:1)
  6 ball pythons
  3 frilled lizards
  6 kobolds
  3 rats (D:1)
39 creatures vanquished.

Vanquished Creatures (others)
  21 foxfires (D:3)
21 creatures vanquished.

Grand Total: 60 creatures vanquished

Notes
Turn   | Place    | Note
-------+----------+-------------------------------------------
     0 | D:1      | raph the Hill Orc Cinder Acolyte began the quest for the
                  | Orb.
     0 | D:1      | Reached XP level 1. HP: 19/19 MP: 2/2
   228 | D:1      | Reached XP level 2. HP: 21/27 MP: 3/3
   440 | D:1      | Learned a level 2 spell: Scorch
  1361 | D:1      | Reached XP level 3. HP: 33/33 MP: 1/4
  2416 | D:2      | Found a faded altar of an unknown god.
  3202 | D:3      | Noticed Ijyb
  3208 | D:3      | Killed from afar by Ijyb

Illustrated notes

Levels and vault maps discovered:
D:1:      elethiomel_arrival_infinity_welcomes_careful_drivers, layout_basic
D:2:      layout_basic, ebering_ecumenical_altar_petrified,
          minmay_close_crescents
D:3:      layout_basic, pdpol_wu_jian_five_deadly_venoms,
          nicolae_elyvilon_peaceful_grove, lemuel_tele_altar, uniq_jessica,
          uniq_ijyb

Skill      XL: |  1  2  3 |
---------------+----------+-----
Fighting       | 4 |  4.1
Axes           | |  4.9
Spellcasting   | |  1.4
Fire Magic     | |  3.6

Action                   || total
-------------------------++-------
Melee: Hand axe          ||    67
       Punch             ||     2
 Cast: Scorch            ||    16
Invok: Foxfire Swarm     ||     2
  Use: Scroll            ||     3
Armor: Robe              ||    11
       Leather armour    ||    11
Dodge: Dodged            ||    27
